 Dungeon Crawl Stone Soup version 0.30-a0-989-g0d87f670db (webtiles) character file.

Game seed: 2022284123803795204

7 CorgiPerc the Cutter (level 1, 0/16 HPs)
             Began as a Demonspawn Gladiator on Apr 3, 2023.
             Constricted to death by a ball python (1 damage)
             ... on level 1 of the Dungeon.
             The game lasted 00:00:30 (260 turns).

CorgiPerc the Cutter (Demonspawn Gladiator)          Turns: 260, Time: 00:00:31

Health: 0/16       AC:  4    Str: 14    XL:     1   Next: 83%
Magic:  1/1        EV:  9    Int:  9    God:
Gold:   27         SH:  0    Dex: 14    Spells: 0/0 levels left

rFire   . . .      SeeInvis .    a - +0 rapier
rCold   . . .      Faith    .    (no shield)
rNeg    . . .      Spirit   .    b - +0 leather armour
rPois   .          Reflect  .    c - +0 helmet
rElec   .          Rampage  .    (no cloak)
rCorr   .                        (no gloves)
Will    .....                    (no boots)
Stlth   +                        (no amulet)
HPRegen 0.22/turn                (no ring)
MPRegen 0.07/turn                (no ring)

@: constricted
A: no striking features
a: no special abilities


You were on level 1 of the Dungeon.
You visited 1 branch of the dungeon, and saw 1 of its levels.

You collected 27 gold pieces.

Inventory:

Hand Weapons
 a - a +0 rapier (weapon)
Missiles
 d - 3 throwing nets (quivered)
 e - a javelin
Armour
 b - a +0 leather armour (worn)
 c - a +0 helmet (worn)
Scrolls
 g - 2 scrolls of enchant armour {unknown}
 h - a scroll of identify {unknown}
Potions
 f - 2 potions of heal wounds {unknown}
 i - a potion of flight {unknown}


   Skills:
 + Level 2.0 Fighting
 + Level 2.9 Short Blades
 + Level 1.8 Throwing
 + Level 2.8 Dodging


You couldn't memorise any spells.
You didn't know any spells.
Your spell library was empty.

Dungeon Overview and Level Annotations

Branches:
Dungeon (1/15)

Altars:


Message History

You kill the kobold!
Things that are here:
a +0 whip; a stone
Found a scroll labelled MOOCASKE UGAOT.
You now have 27 gold pieces (gained 10).
h - a scroll labelled MOOCASKE UGAOT
g - 2 scrolls labelled WABAUX RYBBUO (gained 1)
i - a brown potion
Found 7 stones.
An endoplasm comes into view.
An endoplasm is nearby!
A ball python comes into view.
The helpless endoplasm fails to defend itself.
You hit the endoplasm.
The endoplasm is almost dead.
The endoplasm freezes you.
You are frozen.
The ball python bites you but does no damage.
The ball python barely misses you. The endoplasm freezes you.
You are frozen.
The ball python closely misses you. The ball python grabs you.
The ball python constricts you.
You hit the endoplasm but do no damage.
The endoplasm is almost dead.
The ball python bites you but does no damage.
The ball python constricts you.
The endoplasm hits you but does no damage.
You barely miss the endoplasm.
The endoplasm is almost dead.
The ball python bites you but does no damage.
The ball python constricts you. The endoplasm freezes you.
You are frozen.
* * * LOW HITPOINT WARNING * * *
You hit the endoplasm.
You kill the endoplasm!
The ball python bites you.
* * * LOW HITPOINT WARNING * * *
The ball python constricts you.
You die...

#.# #.#.#
#.##..#......# #.#.#
#.##..########
#..#.# #.##..
.###.##.#######.##..
................##.
####.#............ #
#.###...##.# #.
##..## #. ##@.# #.
#..S.# #. #...## #.
....## ##..# ###


You could see a ball python.

Vanquished Creatures
  2 bats (D:1)
  An endoplasm (D:1)
  2 goblins (D:1)
  A kobold (D:1)
  2 rats (D:1)
8 creatures vanquished.

Notes
Turn   | Place    | Note
-------+----------+-------------------------------------------
     0 | D:1      | CorgiPerc the Demonspawn Gladiator began the quest for the
                  | Orb.
     0 | D:1      | Reached XP level 1. HP: 16/16 MP: 1/1
   260 | D:1      | Constricted to death by a ball python

Illustrated notes

Levels and vault maps discovered:
D:1:      dpeg_arrival_subterranean_lakeside_camping, layout_loops_ring,
          grunt_decor_resistance, grunt_decor_junction, minmay_cupped

Action                     || total
---------------------------++-------
  Melee: Rapier            ||    24
   Stab: Sleeping          ||     1
 Armour: Leather armour    ||    14
  Dodge: Dodged            ||    17

Table legend: (Time is in decaauts)
 A = Elapsed time spent in this place.
 B = Non-inter-level travel time spent in this place.
 C = Inter-level travel time spent in this place.
 D = Time resting spent in this place.
 E = Time spent auto-exploring this place.
 F = Levels seen in this place.
 G = Mean time per level.
                   A        B        C        D        E       F      G
               +--------+--------+--------+--------+--------+-----+--------+
         Total |    262 |    262 |      0 |      0 |    196 |   1 |  262.0 |
       Dungeon |    262 |    262 |      0 |      0 |    196 |   1 |  262.0 |
               +--------+--------+--------+--------+--------+-----+--------+

Top non-repeatable levels by time:
     D:1: 262 daAuts
